wizbiz, neutral female human Wizard # -.--- |...-###### ########### |...| ################# # ------# |...+### ----------------### |....|# |)..| # |..............|#### |.<..|# -|-.- ###|..............|# |....|# ------- ### #............@..|# #.....|# |.....| -------- # |...........k..f######------#############-.....| |.......## ### ----------------# |.....| |......| # ############# |....>| |......| # # ##......| |......-## # #### # ------- |......| # # #------ ### -------- ### # #|..*.| # # ------.---- #|....-################## ##..........| #.....| |.....^...| ------ |.........| ----------- wizbiz the Conjurer Experience level: 4 Strength: 13 Dexterity: 9 Constitution: 11 Intelligence: 18 Wisdom: 12 Charisma: 12 Health: 0(31) Energy: 33(33) Def: 3 Gold: 622 Moves: 2190 Dungeon seed: F4Azgyw107IW718N Game ID: wizbiz_1526261831 Your Inventory: Coins $ - 622 gold pieces Weapons a - a blessed +1 quarterstaff (weapon in hands) q - a +0 silver dagger Armor e - an uncursed +0 cloak of magic resistance (being worn) z - an uncursed +1 orcish helm (being worn) Scrolls k - an uncursed scroll of teleportation u - a blessed scroll of punishment Spellbooks l - a blessed spellbook of force bolt m - an uncursed spellbook of knock p - an uncursed spellbook of healing Potions f - an uncursed potion of levitation g - an uncursed potion of water h - an uncursed potion of confusion s - an uncursed potion of oil w - an uncursed potion of extra healing B - a blessed potion of monster detection D - an uncursed potion of see invisible E - an uncursed potion of hallucination F - an uncursed potion of gain level Rings c - an uncursed ring of free action d - an uncursed ring of teleport control A - an uncursed ring of cold resistance Wands b - a wand of speed monster (0:8) t - a wand of magic missile (0:7) Tools C - a crystal ball (0:5) Spells and supernatural/magical abilities: Name Level Category Fail Memory a - force bolt 1 attack 0% 90% h - healing 1 healing 0% 90% k - knock 1 matter 0% 90% W - pray for help -- divine ? -- Your skills at the end: Fighting Skills Weapon Skills quarterstaff [Basic] Spellcasting Skills attack spells [Basic] enchantment spells [Basic] Final Attributes: You were fervently aligned. You were magic-protected. You are dead. Vanquished creatures: a giant ant a floating eye a rothe a centipede a monkey an orc zombie an acid blob 2 coyotes a gas spore a hobbit 2 giant rats a cave spider 2 yellow molds a green mold a red mold a gecko a jackal 3 foxes a kobold 3 goblins a sewer rat 9 grid bugs 3 lichens 6 newts 46 creatures vanquished. Voluntary challenges: You used a wielded weapon 57 times, starting on turn 38. You read items or engraved 7 times, starting on turn 103. You never genocided any monsters. You never polymorphed an object. You never changed form. You used no wishes. You never split a pudding. You never wrote Elbereth's name. You violated your moral code, losing 10 points of alignment, starting on turn 1567. Dungeon overview: The Dungeons of Doom: levels 1 to 4 Level 1 a fountain a long staircase Level 2 a delicatessen, a fountain stairs to The Gnomish Mines Level 3 a general store, a fountain Level 4 <- You were here The Gnomish Mines: Level 3 stairs to The Dungeons of Doom History has recorded: On T:1 you entered the Dungeons of Doom to retrieve the Amulet of Yendor! On T:399 you reached level 2 of The Dungeons of Doom. On T:414 you advanced to experience level 2. On T:475 you reached level 3 of The Dungeons of Doom. On T:494 you reached level 1 of The Gnomish Mines. On T:642 you advanced to experience level 3. On T:1077 you reached level 4 of The Dungeons of Doom. On T:1571 you advanced to experience level 4. Score breakdown: Gold: 622 ( 9505 points) Experience: 4 levels ( 9649 points) Exploration: 4 levels ( 7.84%) ( 7348 points) Discoveries: 15 items ( 5.23%) ( 6858 points) Valuables value: (no points given unless you survive) Artifact value: 0 ( 0 points) Variety of kills: 24 monsters ( 6.30%) ( 7529 points) Turncount: 2190 turns ( -135 points) Survival: died (score multiplied by 80%) Total score: 32603 Latest messages: You displace your kitten. You hear a door open. You stop. Your kitten is in the way! You displace your kitten. You stop exploring. (2x) You feel more confident in your weapon skills. You hit the kobold lord. (2x) The kobold lord wields a stout spear! You hit the kobold lord. You miss the kobold lord. The kobold lord thrusts his stout spear. The kobold lord hits! You hit the kobold lord. (2x) The kobold lord thrusts his stout spear. The kobold lord hits! You displace your kitten. The kitten misses the kobold lord. You are now wielding your quarterstaff. The kobold lord thrusts his stout spear at the kitten. The kobold lord misses the kitten. The kitten bites the kobold lord. The kitten misses the kobold lord. (2x) The kobold lord thrusts his stout spear. The kobold lord hits! You die... Final status: Goodbye wizbiz the Wizard, killed by a kobold lord... You died in The Dungeons of Doom on dungeon level 4 with 32603 points, and 622 pieces of gold, after 2190 moves. You were level 4 with a maximum of 31 hit points when you died.